AoeStats
← Master Suknip

MegaRandom

510231787Analyzed
4v4 RM · 2d ago on Sep 30, 2026· 64m 36s· 8 players
Game mode
Random Map
Map size
Large (8 player)
Population
200
Speed
Normal
Resources
Standard
Victory
Conquest
Starting age
Dark Age
Ending age
Imperial Age
RankedLock teamsTeams togetherTeam positionsShared explorationLock speedFull tech treeHidden civsTurbo modeCheats
Victory
Defeat
🇺🇸 Persians · United States
665
+11
🇺🇸 Slavs · United States
653
+11
🇺🇸 Bengalis · United States
631
+12
🇺🇸 Georgians · United States
612
+13
🇧🇷 Portuguese · Brazil
631
-15
🇺🇸 Celts · United States
557
-12
🇨🇴 Khmer · Colombia
540
-12
🇺🇸 Persians · United States
454
-8
cbgb
8:05 Loom
12:37 Feudal Age
15:17 Wheelbarrow
15:04 Double-Bit Axe
19:16 Castle Age
22:11 Bow Saw
21:48 Horse Collar
23:40 Hand Cart
23:34 Scale Barding Armor
25:14 Chain Barding Armor
25:05 Forging
25:31 Husbandry
30:05 Gold Mining
36:16 Imperial Age
34:51 Gold Shaft Mining
34:07 Stone Mining
34:27 Gambesons
34:03 Pikeman
35:42 Murder Holes
37:23 Caravan
37:34 Guilds
37:31 Cavalier
38:39 Town Watch
40:02 Stone Shaft Mining
41:00 Furor Celtica
42:23 Elite Woad Raider
45:01 Siege Engineers
45:57 Chemistry
44:58 Fletching
49:38 Iron Casting
48:59 Bodkin Arrow
48:36 Paladin
50:34 Onager
51:41 Town Patrol
DVD7418
13:01 Feudal Age
12:47 Loom
13:35 Double-Bit Axe
13:35 Horse Collar
19:02 Castle Age
17:51 Gold Mining
21:44 Scale Mail Armor
21:50 Scale Barding Armor
21:56 Forging
22:44 Light Cavalry
24:24 Wheelbarrow
25:08 Bloodlines
25:00 Husbandry
25:18 Bow Saw
25:12 Heavy Plow
31:30 Loom
32:43 Gold Shaft Mining
34:47 Hand Cart
36:32 Town Watch
37:27 Iron Casting
39:24 Chain Mail Armor
39:30 Chain Barding Armor
39:01 Fletching
39:12 Padded Archer Armor
40:23 Caravan
40:56 Coinage
40:11 Pikeman
48:14 Imperial Age
48:22 Leather Archer Armor
48:04 Bodkin Arrow
48:28 Town Patrol
50:24 Elite Skirmisher
51:17 Cavalier
51:18 Hussar
53:14 Crop Rotation
52:40 Stone Mining
53:54 Blast Furnace
53:30 Plate Barding Armor
53:26 Ring Archer Armor
52:57 Bracer
GroaningCoyote3
1:10 Loom
12:24 Feudal Age
12:46 Double-Bit Axe
14:07 Town Watch
18:49 Horse Collar
22:10 Wheelbarrow
24:30 Castle Age
22:30 Stone Mining
24:30 Pikeman
henriquetsevero
0:38 Loom
13:43 Feudal Age
15:02 Wheelbarrow
14:12 Town Watch
14:11 Horse Collar
15:29 Double-Bit Axe
18:19 Gold Mining
18:21 Stone Mining
22:43 Castle Age
25:11 Pikeman
25:37 Gambesons
26:49 Bow Saw
28:21 Hand Cart
29:25 Stone Shaft Mining
31:42 Heavy Plow
36:04 Imperial Age
36:08 Ballistics
36:00 Masonry
35:31 Treadmill Crane
38:31 Conscription
38:13 Arquebus
39:26 Chemistry
39:18 Crop Rotation
40:56 Two-Man Saw
44:01 Coinage
44:26 Elite Organ Gun
46:45 Guilds
47:06 Banking
46:37 Caravan
58:09 Halberdier
Master Suknip
14:21 Feudal Age
12:59 Loom
15:18 Double-Bit Axe
15:28 Horse Collar
17:43 Wheelbarrow
16:56 Loom
22:45 Forging
22:41 Scale Barding Armor
24:58 Bloodlines
30:52 Castle Age
30:36 Gold Mining
30:37 Stone Mining
32:00 Hand Cart
32:38 Coinage
32:48 Gold Shaft Mining
32:50 Iron Casting
38:00 Imperial Age
36:03 Hand Cart
36:46 Bow Saw
38:43 Light Cavalry
39:23 Husbandry
39:48 Chain Barding Armor
41:27 Hussar
45:01 Two-Man Saw
44:24 Heavy Plow
47:29 Blast Furnace
47:05 Plate Barding Armor
48:58 Ballistics
49:39 Chemistry
48:36 Murder Holes
48:33 Fletching
50:24 Crop Rotation
50:25 Detinets
50:47 Conscription
51:03 Hoardings
50:40 Detinets
51:06 Conscription
51:22 Hoardings
53:23 Banking
56:23 Elite Boyar
60:14 Masonry
63:01 Bodkin Arrow
63:07 Padded Archer Armor
Wogsy2010
0:54 Loom
13:03 Feudal Age
13:44 Double-Bit Axe
13:41 Horse Collar
13:57 Gold Mining
23:09 Castle Age
22:13 Fletching
25:22 Wheelbarrow
26:02 Crossbowman
29:37 Caravan
30:10 Bow Saw
31:53 Heavy Plow
33:53 Kamandaran
34:20 Stone Mining
40:03 Imperial Age
38:04 Scale Barding Armor
38:10 Forging
39:36 Chain Barding Armor
39:23 Murder Holes
39:49 Ballistics
40:27 Hand Cart
39:49 Cavalier
42:11 Husbandry
42:22 Bloodlines
43:22 Chemistry
43:05 Conscription
43:15 Savar
48:59 Gold Shaft Mining
49:28 Plate Barding Armor
50:09 Iron Casting
52:46 Two-Man Saw
55:08 Thumb Ring
57:16 Blast Furnace
|RAZER|Spider
4:33 Loom
15:13 Feudal Age
18:52 Wheelbarrow
18:02 Town Watch
19:49 Forging
19:29 Fletching
19:40 Scale Mail Armor
19:46 Scale Barding Armor
25:07 Castle Age
28:18 Husbandry
28:23 Squires
28:09 Arson
29:46 Man-at-Arms
29:47 Pikeman
30:12 Gambesons
31:57 Long Swordsman
34:16 Svan Towers
37:58 Town Patrol
42:42 Caravan
43:24 Double-Bit Axe
43:29 Gold Mining
43:30 Stone Mining
44:57 Hand Cart
55:38 Imperial Age
57:29 Halberdier
57:29 Two-Handed Swordsman
61:04 Iron Casting
60:44 Chain Mail Armor
60:49 Chain Barding Armor
60:25 Bodkin Arrow
60:30 Padded Archer Armor
PicPlaysGMEs
0:40 Loom
15:10 Feudal Age
17:45 Horse Collar
18:44 Wheelbarrow
18:00 Double-Bit Axe
24:39 Castle Age
22:56 Man-at-Arms
23:22 Arson
23:40 Scale Mail Armor
23:51 Forging
23:32 Fletching
23:44 Padded Archer Armor
27:42 Caravan
28:51 Heavy Plow
29:09 Hand Cart
30:03 Long Swordsman
30:29 Gambesons
30:44 Squires
31:24 Stone Mining
33:07 Bodkin Arrow
33:48 Iron Casting
33:29 Chain Mail Armor
33:31 Leather Archer Armor
32:45 Crossbowman
34:24 Bow Saw
34:40 Ballistics
34:16 Murder Holes
34:27 Pikeman
38:26 Imperial Age
36:21 Gold Mining
38:51 Two-Handed Swordsman
38:54 Halberdier
39:02 Arbalester
40:46 Blast Furnace
41:35 Bracer
42:07 Ring Archer Armor
44:26 Chemistry
43:12 Arrowslits
48:28 Conscription
47:38 Champion
Connection lost

Rejoining the realm…

Still unreachable

The connection could not be restored.

Session expired

The server has moved on; the page needs a fresh start.